Map: Ruins of Seras

Players

Grumm - Winner!

  • Race: Zerg Zerg
  • League: Gold

A.I. 1 (Harder)

  • Race: Zerg Zerg

VOD

Have the link to the VOD?

Description

Time

  • Played on: Jan. 6, 2016, 5:31 p.m.
  • Length: 21:10
Show
View Real Time Build Order
Export as new Build Order

Grumm Zerg - Winner!

Build Orders: Hatch First 

Get SALT Encoding   

  12  0:02  Drone  
  13  0:08  Drone  
  14  0:19  Overlord  
  14  0:25  Extractor  
  14  0:26  Drone  
  15  0:39  Drone x2  
  17  0:56  Hatchery  
  16  0:58  Drone  
  16  1:02  Drone  
  18  1:11  Extractor  
  18  1:13  Drone  
  18  1:22  Spawning Pool  
  18  1:25  Drone  
  18  1:30  Extractor  
  18  1:31  Drone  
  18  1:43  Drone  
  19  1:52  Evolution Chamber  
  19  1:53  Drone  
  19  2:03  Drone  
  20  2:09  Queen  
  20  2:10  Queen  
  24  2:18  Drone  
  24  2:19  Drone  
  26  2:25  Drone  
  27  2:43  Roach Warren  
  26  2:45  Drone x2  
  28  2:58  Overlord  
  28  2:59  Overlord  
  28  3:10  Spine Crawler  
  28  3:12  Drone  
  28  3:17  Extractor  
  28  3:19  Extractor  
  26  3:21  Drone x3  
  29  3:32  Zerg Ground Armor Level 1  
  29  3:37  Zergling x2  
  29  3:40  Drone  
  31  3:57  Lair  
  31  3:58  Drone x2  
  31  4:02  Drone  
  34  4:10  Drone x2  
  36  4:23  Drone  
  36  4:24  Drone x3  
  39  4:29  Overlord  
  40  4:37  Drone x3  
  43  4:50  Roach x3  
  50  5:07  Zergling x6  
  50  5:09  Overlord x2  
  52  5:35  Glial Reconstitution  
  52  5:41  Zergling x12  
  58  5:45  Ravager  
  58  5:46  Ravager x2  
  58  5:49  Roach x3  
  67  6:10  Hatchery  
  66  6:16  Drone  
  66  6:17  Drone  
  66  6:18  Overlord x3  
  68  6:38  Overlord x2  
  68  6:39  Zergling x2  
  69  6:40  Zergling x8  
  72  6:50  Overlord  
  72  6:52  Roach x3  
  72  6:53  Roach x2  
  71  7:26  Roach x9  
  71  7:27  Roach x3  
  92  7:47  Overlord  
  92  7:48  Overlord  
  92  7:49  Drone x4  
  96  8:04  Tunneling Claws  
  96  8:06  Zerg Missile Weapons Level 1  
  96  8:10  Hatchery  
  96  8:11  Zergling x12  
  101  8:29  Overlord  
  101  8:31  Roach x2  
  101  8:32  Roach x2  
  109  8:50  Overseer  
  109  8:51  Overseer  
  109  8:58  Zergling x20  
  109  8:59  Metabolic Boost  
  109  9:01  Extractor  
  118  9:18  Queen  
  118  9:22  Queen  
  122  9:28  Drone  
  122  9:29  Drone x8  
  131  9:32  Overlord  
  131  10:13  Drone  
  131  10:14  Drone x11  
  143  10:22  Extractor  
  142  10:53  Hydralisk Den  
  133  11:45  Infestation Pit, Lurker Den  
  132  11:48  Zerg Ground Armor Level 2  
  132  11:53  Drone x7  
  132  11:54  Drone x8  
  147  11:58  Extractor x2  
  145  12:45  Hive  
  145  12:47  Hydralisk x4  
  145  12:48  Hydralisk x3  
  145  12:49  Overlord x3  
  159  12:55  Pneumatized Carapace  
  159  12:57  Burrow  
  159  13:41  Overlord x2  
  159  13:42  Hydralisk  
  159  13:43  Hydralisk x11  
  183  14:23  Hatchery x2  
  181  14:25  Spore Crawler  
  180  14:40  Evolution Chamber  
  180  14:43  Evolution Chamber  
  178  14:46  Zerg Melee Weapons Level 1  
  178  14:48  Ultralisk Cavern  
  178  14:51  Spore Crawler  
  176  15:22  Overlord x2  
  176  15:25  Extractor  
  176  15:28  Swarm Host x6  
  178  15:29  Extractor  
  161  16:29  Ultralisk  
  161  16:30  Ultralisk x7  
  157  18:05  Zergling x2  
  157  18:06  Zergling x34  
  157  18:07  Zergling x52  
  185  19:25  Ultralisk x8, Muscular Augments  
  185  19:35  Lurker  
  186  19:40  Lurker x2  
Show
View Real Time Build Order
Export as new Build Order

A.I. 1 (Harder) Zerg 

Build Orders: Pool First 

Get SALT Encoding   

  12  0:00  Drone  
  13  0:12  Overlord  
  13  0:17  Drone  
  14  0:30  Drone x2  
  16  0:44  Spawning Pool  
  16  0:45  Drone  
  17  0:50  Drone  
  17  0:52  Extractor  
  17  0:55  Drone  
  17  1:06  Overlord  
  17  1:30  Queen  
  17  1:31  Zergling x2  
  20  1:38  Drone  
  20  1:39  Roach Warren  
  20  1:40  Zergling x2, Extractor  
  20  1:49  Drone  
  21  2:00  Drone  
  22  2:10  Overlord  
  22  2:21  Drone  
  23  2:32  Roach  
  25  2:37  Drone  
  25  2:41  Overlord, Roach  
  28  2:51  Roach  
  30  3:00  Roach  
  32  3:09  Roach  
  34  3:14  Overlord  
  34  3:18  Roach  
  36  3:28  Roach  
  38  3:37  Roach  
  40  3:45  Overlord  
  40  3:46  Roach  
  42  3:56  Roach  
  42  4:01  Drone  
  45  4:05  Roach  
  45  4:06  Drone  
  48  4:12  Drone  
  48  4:14  Drone, Roach  
  52  4:21  Overlord  
  52  4:29  Drone  
  53  4:37  Baneling Nest  
  52  4:40  Drone  
  52  4:43  Drone  
  52  4:44  Roach  
  52  4:45  Evolution Chamber  
  55  4:47  Drone  
  56  4:53  Roach  
  58  6:22  Lair, Overlord, Zerg Melee Weapons Level 1  
  58  6:25  Spore Crawler  
  58  6:30  Hatchery  
  56  6:33  Drone  
  57  6:46  Overlord  
  57  6:59  Spore Crawler  
  56  7:06  Zergling x2  
  53  7:20  Burrow  
  47  7:23  Infestation Pit  
  47  7:27  Hydralisk Den  
  47  7:29  Drone, Spine Crawler  
  31  7:32  Roach  
  27  7:41  Roach  
  27  7:42  Drone, Queen  
  32  7:44  Overseer  
  32  7:45  Drone  
  32  7:48  Drone x4  
  32  7:49  Drone  
  32  7:50  Drone, Roach  
  43  7:58  Roach  
  43  8:01  Drone  
  43  8:02  Overseer  
  43  8:04  Drone  
  45  8:06  Hydralisk  
  45  8:07  Ravager, Drone  
  45  8:09  Drone  
  45  8:12  Drone  
  51  8:14  Drone  
  51  8:15  Ravager  
  51  8:17  Drone, Zerg Ground Armor Level 1  
  54  8:20  Drone  
  54  8:26  Drone, Roach  
  58  8:27  Drone  
  58  8:29  Drone  
  60  8:35  Roach  
  62  8:43  Ravager, Hydralisk  
  65  8:51  Hydralisk  
  65  8:53  Spine Crawler  
  66  8:57  Muscular Augments  
  66  9:01  Spore Crawler, Roach  
  67  9:04  Spore Crawler  
  67  9:05  Drone  
  67  9:09  Hydralisk, Queen  
  71  9:17  Hydralisk  
  71  9:19  Drone, Spire  
  73  9:24  Evolution Chamber  
  73  9:25  Drone  
  73  9:26  Hydralisk  
  73  9:30  Spine Crawler  
  74  9:31  Drone  
  74  9:36  Spine Crawler  
  74  9:49  Zerg Missile Weapons Level 1  
  74  9:55  Extractor  
  74  9:59  Extractor  
  72  10:00  Drone  
  73  10:18  Drone x3  
  76  10:21  Drone x2  
  76  10:22  Drone  
  79  10:31  Infestor  
  79  10:32  Overlord  
  81  10:39  Hive  
  84  10:42  Hatchery  
  83  10:51  Overlord  
  83  11:04  Zergling x2  
  83  11:11  Hydralisk  
  57  11:18  Hydralisk  
  58  11:26  Roach  
  60  11:33  Roach  
  60  11:34  Pneumatized Carapace  
  62  11:40  Roach  
  64  11:50  Viper  
  67  11:54  Lair, Ultralisk Cavern  
  66  12:03  Roach  
  66  12:06  Extractor  
  67  12:10  Roach, Extractor  
  68  12:18  Roach  
  68  12:19  Drone  
  68  12:21  Drone  
  68  12:22  Drone  
  73  12:24  Hydralisk  
  73  12:25  Drone  
  73  12:26  Drone  
  73  12:29  Drone  
  78  12:30  Overseer  
  78  12:31  Drone, Hydralisk  
  78  12:33  Drone  
  78  12:35  Drone  
  83  12:38  Drone, Infestor  
  83  12:40  Drone  
  83  12:43  Drone  
  88  12:46  Drone, Ultralisk  
  88  12:48  Drone, Overlord  
  96  12:53  Ultralisk  
  96  12:54  Drone  
  96  12:55  Drone  
  96  12:58  Drone  
  105  12:59  Drone  
  105  13:01  Drone  
  105  13:03  Drone  
  105  13:05  Viper  
  111  13:06  Drone  
  111  13:07  Overlord  
  115  13:14  Zerg Melee Weapons Level 2  
  115  13:26  Overlord  
  115  13:28  Zerg Ground Armor Level 2  
  115  13:34  Hatchery  
  114  13:35  Drone  
  115  13:48  Pathogen Glands  
  115  13:53  Spore Crawler  
  115  13:55  Drone, Spore Crawler, Glial Reconstitution  
  114  13:56  Drone  
  114  14:01  Queen  
  117  14:03  Zerg Flyer Weapons Level 1  
  117  14:20  Spine Crawler  
  117  14:23  Spine Crawler  
  115  14:47  Drone x2, Queen  
  119  14:54  Roach  
  119  14:56  Overlord  
  119  14:57  Roach  
  123  15:01  Drone, Extractor  
  123  15:03  Spore Crawler  
  123  15:04  Drone  
  123  15:05  Spore Crawler  
  123  15:06  Drone, Hydralisk  
  123  15:09  Drone, Hydralisk, Extractor  
  123  15:11  Hydralisk  
  123  15:12  Overseer  
  123  15:13  Hydralisk  
  131  15:16  Overlord  
  131  15:18  Ravager x3, Roach  
  131  15:20  Roach  
  138  15:22  Roach  
  138  15:25  Ravager x2, Roach  
  144  15:34  Overlord, Roach  
  146  15:38  Zerg Missile Weapons Level 2  
  146  15:52  Spine Crawler, Overlord, Zerg Melee Weapons Level 3  
  146  15:53  Drone  
  146  15:57  Zerg Flyer Armor Level 1  
  146  15:59  Spine Crawler  
  146  16:00  Drone  
  146  16:11  Queen  
  144  16:13  Hydralisk  
  144  16:16  Zergling x2  
  144  16:17  Drone x2  
  128  16:19  Drone  
  128  16:20  Drone  
  128  16:21  Roach  
  128  16:24  Drone, Roach  
  116  16:29  Drone  
  116  16:30  Roach  
  116  16:31  Spore Crawler  
  116  16:32  Drone x2, Roach  
  97  16:33  Drone  
  97  16:34  Infestor  
  97  16:35  Extractor  
  97  16:37  Drone, Roach  
  97  16:39  Roach  
  92  16:40  Hydralisk  
  92  16:46  Drone  
  92  16:47  Hydralisk  
  89  16:51  Hydralisk  
  89  16:52  Drone  
  89  16:53  Drone  
  94  16:54  Drone, Roach  
  94  16:56  Drone  
  94  16:57  Roach  
  100  17:13  Ravager x2, Roach  
  104  17:16  Roach  
  104  17:18  Roach  
  104  17:20  Zergling x2  
  102  17:23  Roach  
  102  17:25  Roach  
  102  17:26  Hydralisk  
  78  17:30  Hydralisk  
  78  17:36  Overseer, Roach, Hydralisk  
  75  17:38  Drone  
  75  17:39  Hydralisk  
  75  17:41  Drone, Infestor  
  75  17:44  Zergling x2  
  66  17:47  Drone  
  66  17:49  Hatchery  
  55  17:58  Drone x6  
  49  18:00  Zergling x2, Hydralisk  
  49  18:01  Drone x2, Zergling x2  
  49  18:02  Drone x3, Zergling x6  
  49  18:03  Zergling x2, Hydralisk  
  49  18:04  Queen  
  46  18:07  Extractor  
  46  18:08  Hydralisk  
  46  18:09  Roach x2  
  33  18:13  Drone  
  12  18:38  Drone  
Tags
 
Add a new tag
Caveats
  • Supply blocks, unpowered buildings, or Contaminate may cause inaccurate times.
  • Supply counts are checked every 10 seconds.